[ AOE2 MATCH · #505577167 ]
UnrankedChinese vs Vikings
Player's team · WIN
Rival team · LOSS
[ REPLAY ANALYSIS · EXTRACTED FROM THE RECORDED GAME ]
Feudal
10:26
Castle
14:10
Imperial
28:41
| APM avg | 51.3 |
| APM peak | 102 |
| eAPM avg | 25.4 |
| Villagers / military | 133 / 42 |
Focus
⚔️ 17.9% · 🌾 82.1%
Chu Ko Nu ×22 · Knight ×9 · Trebuchet (Packed) ×5 · Battering Ram ×4 · Scout Cavalry ×2
Feudal
9:40
Castle
13:38
Imperial
28:26
| APM avg | 33.4 |
| APM peak | 67 |
| eAPM avg | 24.4 |
| Villagers / military | 110 / 35 |
Focus
⚔️ 19.9% · 🌾 80.1%
Spearman ×19 · Berserk ×6 · Trebuchet (Packed) ×4 · Knight ×3 · Skirmisher ×2 · Battering Ram ×1
Match map
Initial resources + every placement click. Lines = walls · curves = elevation contours. ◆ gold · ⬟ stone · ● berries · ✦ relic · ◌ wall gap
Your base· Open — unwalled flank
HaleDuck's base· Open — unwalled flank
Smoothed initial terrain · ◌ = detected wall gap · hover for details
Inputs per minute
— Jahhed - - HaleDuck
Build order — Jahhed
First 150 of 287 actions detected
| 0:05 | Research | Loom |
| 0:59 | Create | Villager (Male) |
| 1:11 | Create | Villager (Male) |
| 1:40 | Create | Villager (Male) |
| 1:48 | Create | Villager (Male) |
| 2:15 | Create | Villager (Male) |
| 2:28 | Create | Villager (Male) |
| 2:31 | Create | Villager (Male) |
| 2:52 | Create | Villager (Male) |
| 2:52 | Create | Villager (Male) |
| 2:53 | Create | Villager (Male) |
| 3:03 | Create | Villager (Male) |
| 3:27 | Create | Villager (Male) |
| 3:45 | Create | Villager (Male) |
| 3:50 | Create | Villager (Male) |
| 3:51 | Create | Villager (Male) |
| 4:30 | Create | Villager (Male) |
| 4:32 | Create | Villager (Male) |
| 4:34 | Create | Villager (Male) |
| 4:35 | Create | Villager (Male) |
| 4:36 | Create | Villager (Male) |
| 4:43 | Build | Lumber Camp |
| 4:49 | Create | Villager (Male) |
| 4:50 | Create | Villager (Male) |
| 5:25 | Build | House |
| 5:59 | Build | House |
| 6:03 | Create | Villager (Male) |
| 6:21 | Create | Villager (Male) |
| 6:34 | Create | Villager (Male) |
| 6:41 | Create | Villager (Male) |
| 6:46 | Build | House |
| 6:57 | Create | Villager (Male) |
| 7:24 | Create | Villager (Male) |
| 7:25 | Create | Villager (Male) |
| 7:28 | Build | Mill |
| 7:38 | Create | Villager (Male) |
| 7:55 | Research | Feudal Age |
| 7:58 | Create | Villager (Male) |
| 7:59 | Create | Villager (Male) |
| 8:33 | Create | Villager (Male) |
| 8:33 | Create | Villager (Male) |
| 8:42 | Build | Mining Camp |
| 8:43 | Create | Villager (Male) |
| 8:51 | Build | Barracks |
| 9:06 | Create | Villager (Male) |
| 9:29 | Create | Villager (Male) |
| 9:42 | Build | House |
| 10:15 | Create | Villager (Male) |
| 10:26 | Age | Feudal Age |
| 10:29 | Build | Stable |
| 10:34 | Create | Villager (Male) |
| 10:34 | Create | Villager (Male) |
| 10:41 | Research | Double-Bit Axe |
| 10:47 | Create | Villager (Male) |
| 10:50 | Build | Blacksmith |
| 11:11 | Build | Mining Camp |
| 11:23 | Create | Scout Cavalry |
| 11:23 | Create | Scout Cavalry |
| 11:27 | Build | House |
| 11:30 | Research | Castle Age |
| 11:35 | Research | Wheelbarrow |
| 11:56 | Build | House |
| 12:00 | Build | House |
| 12:14 | Build | Mill |
| 12:22 | Research | Scale Barding Armor |
| 12:27 | Research | Bloodlines |
| 12:32 | Build | Stable |
| 12:35 | Build | Mill |
| 12:51 | Build | Mining Camp |
| 12:54 | Create | Villager (Male) |
| 13:42 | Build | House |
| 13:43 | Build | House |
| 13:46 | Research | Horse Collar |
| 14:06 | Create | Villager (Male) |
| 14:08 | Create | Villager (Male) |
| 14:10 | Age | Castle Age |
| 14:15 | Build | Town Center |
| 14:19 | Create | Knight |
| 14:37 | Create | Knight |
| 14:38 | Create | Knight |
| 14:55 | Build | Town Center |
| 14:59 | Build | Mill |
| 15:04 | Create | Villager (Male) |
| 15:12 | Create | Villager (Male) |
| 15:37 | Create | Villager (Male) |
| 15:43 | Create | Knight |
| 15:44 | Create | Knight |
| 15:45 | Create | Villager (Male) |
| 16:04 | Create | Villager (Male) |
| 16:17 | Create | Villager (Male) |
| 16:21 | Build | Farm |
| 16:22 | Build | Farm |
| 16:23 | Build | Farm |
| 16:39 | Create | Villager (Male) |
| 16:47 | Create | Villager (Male) |
| 16:51 | Create | Villager (Male) |
| 16:59 | Build | Farm |
| 17:05 | Create | Villager (Male) |
| 17:16 | Create | Villager (Male) |
| 17:17 | Create | Villager (Male) |
| 17:20 | Build | Farm |
| 17:23 | Build | Farm |
| 17:42 | Create | Villager (Male) |
| 17:43 | Create | Villager (Male) |
| 17:44 | Create | Villager (Male) |
| 17:47 | Build | Farm |
| 17:50 | Build | Farm |
| 17:51 | Build | Farm |
| 17:58 | Build | Farm |
| 17:58 | Build | Farm |
| 18:12 | Create | Villager (Male) |
| 18:15 | Create | Villager (Male) |
| 18:16 | Create | Villager (Male) |
| 18:17 | Create | Villager (Male) |
| 18:31 | Create | Knight |
| 18:32 | Create | Knight |
| 18:34 | Create | Villager (Male) |
| 18:39 | Build | Farm |
| 18:44 | Build | Farm |
| 18:48 | Build | Farm |
| 18:49 | Build | Farm |
| 18:50 | Create | Villager (Male) |
| 19:01 | Build | Mining Camp |
| 19:07 | Build | Castle |
| 19:14 | Create | Villager (Male) |
| 19:16 | Create | Knight |
| 19:16 | Create | Knight |
| 19:17 | Create | Villager (Male) |
| 19:19 | Create | Villager (Male) |
| 19:44 | Create | Villager (Male) |
| 19:51 | Build | Mill |
| 19:52 | Create | Villager (Male) |
| 19:53 | Create | Villager (Male) |
| 19:54 | Create | Villager (Male) |
| 19:54 | Create | Villager (Male) |
| 20:07 | Build | Farm |
| 20:08 | Build | Farm |
| 20:09 | Create | Villager (Male) |
| 20:10 | Create | Villager (Male) |
| 20:15 | Build | Farm |
| 20:38 | Create | Villager (Male) |
| 20:39 | Create | Villager (Male) |
| 20:39 | Create | Villager (Male) |
| 20:42 | Create | Villager (Male) |
| 21:01 | Create | Chu Ko Nu |
| 21:03 | Create | Villager (Male) |
| 21:04 | Create | Villager (Male) |
| 21:04 | Create | Villager (Male) |
| 21:04 | Create | Villager (Male) |
| 21:14 | Build | Castle |
Build order — HaleDuck
First 150 of 246 actions detected
| 0:01 | Create | Villager (Male) |
| 0:02 | Create | Villager (Male) |
| 0:03 | Build | House |
| 0:04 | Research | Loom |
| 0:06 | Build | House |
| 0:11 | Create | Villager (Male) |
| 0:11 | Create | Villager (Male) |
| 0:14 | Build | House |
| 0:18 | Create | Villager (Male) |
| 0:28 | Create | Villager (Male) |
| 1:37 | Create | Villager (Male) |
| 1:50 | Create | Villager (Male) |
| 1:54 | Create | Villager (Male) |
| 1:57 | Create | Villager (Male) |
| 2:37 | Create | Villager (Male) |
| 2:37 | Create | Villager (Male) |
| 2:37 | Create | Villager (Male) |
| 2:45 | Create | Villager (Male) |
| 2:57 | Create | Villager (Male) |
| 2:57 | Create | Villager (Male) |
| 3:05 | Build | Lumber Camp |
| 3:20 | Create | Villager (Male) |
| 3:20 | Create | Villager (Male) |
| 3:58 | Create | Villager (Male) |
| 3:59 | Create | Villager (Male) |
| 4:03 | Create | Villager (Male) |
| 4:03 | Create | Villager (Male) |
| 4:03 | Create | Villager (Male) |
| 4:37 | Create | Villager (Male) |
| 4:42 | Create | Villager (Male) |
| 4:45 | Build | House |
| 4:51 | Create | Villager (Male) |
| 5:10 | Create | Villager (Male) |
| 5:15 | Build | House |
| 5:19 | Create | Villager (Male) |
| 5:32 | Create | Villager (Male) |
| 5:47 | Build | Mill |
| 5:50 | Create | Villager (Male) |
| 6:04 | Create | Villager (Male) |
| 6:14 | Create | Villager (Male) |
| 6:33 | Create | Villager (Male) |
| 7:01 | Create | Villager (Male) |
| 7:05 | Create | Villager (Male) |
| 7:10 | Build | Mining Camp |
| 7:11 | Create | Villager (Male) |
| 7:30 | Research | Feudal Age |
| 7:56 | Build | House |
| 7:57 | Build | House |
| 8:35 | Build | Mill |
| 9:22 | Create | Villager (Male) |
| 9:22 | Create | Villager (Male) |
| 9:40 | Age | Feudal Age |
| 9:42 | Build | Market |
| 9:44 | Create | Villager (Male) |
| 9:55 | Create | Villager (Male) |
| 10:06 | Build | Blacksmith |
| 10:09 | Create | Villager (Male) |
| 10:15 | Create | Villager (Male) |
| 10:17 | Build | Farm |
| 10:57 | Research | Castle Age |
| 11:17 | Build | Barracks |
| 11:19 | Create | Villager (Male) |
| 11:23 | Create | Villager (Male) |
| 11:27 | Build | Farm |
| 11:32 | Research | Double-Bit Axe |
| 11:44 | Create | Villager (Male) |
| 11:54 | Create | Villager (Male) |
| 12:03 | Create | Spearman |
| 12:37 | Build | Stable |
| 12:40 | Create | Villager (Male) |
| 12:46 | Create | Villager (Male) |
| 12:46 | Create | Villager (Male) |
| 12:51 | Build | House |
| 13:02 | Build | House |
| 13:23 | Build | Mining Camp |
| 13:38 | Age | Castle Age |
| 13:40 | Create | Knight |
| 13:40 | Create | Knight |
| 13:51 | Create | Villager (Male) |
| 14:06 | Create | Villager (Male) |
| 14:20 | Build | Town Center |
| 14:23 | Create | Villager (Male) |
| 14:30 | Create | Spearman |
| 14:36 | Create | Villager (Male) |
| 14:37 | Create | Villager (Male) |
| 14:40 | Build | Mining Camp |
| 14:43 | Create | Villager (Male) |
| 14:48 | Create | Knight |
| 14:51 | Create | Villager (Male) |
| 14:58 | Build | Farm |
| 15:00 | Research | Horse Collar |
| 15:04 | Create | Villager (Male) |
| 15:11 | Create | Spearman |
| 15:36 | Build | Farm |
| 15:36 | Build | Farm |
| 15:55 | Research | Pikeman (upgrade) |
| 15:59 | Create | Villager (Male) |
| 15:59 | Create | Villager (Male) |
| 16:23 | Build | Farm |
| 16:35 | Create | Spearman |
| 16:35 | Create | Spearman |
| 16:37 | Create | Villager (Male) |
| 16:37 | Create | Villager (Male) |
| 16:55 | Build | Farm |
| 16:55 | Build | Farm |
| 16:55 | Build | Farm |
| 16:55 | Build | Farm |
| 16:55 | Build | Farm |
| 16:56 | Build | Farm |
| 16:56 | Build | Farm |
| 17:05 | Build | House |
| 17:06 | Build | House |
| 17:18 | Build | Farm |
| 17:22 | Create | Spearman |
| 17:28 | Build | Farm |
| 17:30 | Create | Villager (Male) |
| 17:38 | Create | Spearman |
| 17:48 | Build | Castle |
| 17:56 | Build | Farm |
| 17:56 | Build | Farm |
| 17:56 | Build | Farm |
| 17:59 | Build | Farm |
| 17:59 | Build | Farm |
| 18:00 | Build | Farm |
| 18:00 | Build | Farm |
| 18:00 | Build | Farm |
| 18:00 | Build | Farm |
| 18:13 | Create | Villager (Male) |
| 18:14 | Create | Villager (Male) |
| 18:18 | Build | Farm |
| 18:22 | Research | Scale Mail Armor |
| 18:30 | Create | Villager (Male) |
| 18:30 | Create | Villager (Male) |
| 18:36 | Build | Farm |
| 18:45 | Build | Farm |
| 18:47 | Build | Farm |
| 18:49 | Create | Villager (Male) |
| 18:49 | Create | Villager (Male) |
| 18:56 | Research | Squires |
| 18:59 | Create | Villager (Male) |
| 19:00 | Create | Villager (Male) |
| 19:14 | Create | Spearman |
| 19:22 | Create | Spearman |
| 19:24 | Create | Spearman |
| 19:27 | Create | Spearman |
| 19:32 | Create | Spearman |
| 19:35 | Create | Spearman |
| 19:38 | Create | Spearman |
| 19:45 | Create | Spearman |
| 19:57 | Build | Barracks |
Match timeline
| 8:51 | Jahhed · first_building Barracks |
| 9:40 | HaleDuck · age_up feudal |
| 10:26 | Jahhed · age_up feudal |
| 10:29 | Jahhed · first_building Stable |
| 10:51 | HaleDuck · first_market_sell 100 stone |
| 10:52 | HaleDuck · first_market_buy 100 food |
| 11:17 | HaleDuck · first_building Barracks |
| 12:37 | HaleDuck · first_building Stable |
| 13:38 | HaleDuck · age_up castle |
| 14:10 | Jahhed · age_up castle |
| 17:48 | HaleDuck · first_building Castle |
| 19:07 | Jahhed · first_building Castle |
| 23:16 | HaleDuck · first_building Archery Range |
| 25:40 | HaleDuck · first_building Siege Workshop |
| 26:15 | Jahhed · first_building Siege Workshop |
| 28:26 | HaleDuck · age_up imperial |
| 28:41 | Jahhed · age_up imperial |
| 29:55 | HaleDuck · resign |
[ AI ANALYSIS · 1 CREDIT ]
What really happened in this match?
Wolo.gg analyzes every decision: build order, eco, micro, common mistakes by bracket. Personalized analysis on WhatsApp or Discord in 30 seconds.
Civ guide
Chinese
Perfil
Jahhed